 Dungeon Crawl Stone Soup version 0.16.1-16-gc44b35d (webtiles) character file.

79 KarvaRausku the Chopper (level 4, 0/36 HPs)
             Began as a Human Fighter on Apr 15, 2015.
             Slain by a gnoll
             ... wielding a +0 spear
              (2 damage)
             ... on level 2 of the Dungeon.
             The game lasted 00:02:12 (1425 turns).

KarvaRausku the Chopper (Human Fighter)             Turns: 1425, Time: 00:02:12

Health: 0/36       AC:  8    Str: 18    XL:     4   Next: 62%
Magic:  4/4        EV:  4    Int:  8    God:
Gold:   60         SH:  0    Dex: 12    Spells: 0 memorised, 3 levels left

rFire  . . .     SeeInvis .     a - +0 war axe
rCold  . . .     Clarity  .     b - +0 scale mail
rNeg   . . .     SustAb   .     c - +0 shield
rPois  .         Gourm    .     n - +0 helmet
rElec  .         Spirit   .     (no cloak)
rCorr  .         Warding  .     (no gloves)
rMut   .         Stasis   .     (no boots)
MR     +....                    (no amulet)
Stlth  ..........               (no ring)
                                h - ring of protection from magic

@: lethally poisoned (0 -> -10), held, constricted, somewhat resistant to
hostile enchantments, extremely unstealthy
A: rugged brown scales 1
a: no special abilities


You were on level 2 of the Dungeon.
You were not hungry.

You visited 1 branch of the dungeon, and saw 2 of its levels.

You collected 60 gold pieces.

Inventory:

Hand weapons
 a - a +0 war axe (weapon)
Armour
 b - a +0 scale mail (worn)
 c - a +0 shield (worn)
 n - a +0 helmet (worn)
Jewellery
 h - a ring of protection from magic (left hand)
 m - an uncursed ring of fire {unknown}
Scrolls
 f - a scroll of teleportation {unknown}
 i - a scroll of noise {unknown}
 j - a scroll of enchant weapon {unknown}
 o - a scroll of fear {unknown}
 p - a scroll of amnesia {unknown}
 r - a scroll of fog {unknown}
Potions
 e - a potion of might
 k - a potion of invisibility {unknown}
 l - a potion of curing {unknown}
Comestibles
 d - 4 bread rations
 q - 5 chunks of flesh


   Skills:
 - Level 3.0 Fighting
 + Level 4.4 Axes
 - Level 3.0 Armour
 - Level 3.0 Shields


You had 3 spell levels left.
You didn't know any spells.

Dungeon Overview and Level Annotations

Branches:
Dungeon (2/15)

Altars:
Cheibriados
The Shining One


Innate Abilities, Weirdness & Mutations

You are partially covered in rugged brown scales (AC +1, +3% HP).


Message History

The ball python constricts you. The kobold hits you but does no damage.
You are lethally poisoned!
You struggle against the net.
* * * LOW HITPOINT WARNING * * *
You feel sick.
The ball python bites you but does no damage.
The ball python constricts you.
The gnoll hits you from afar with a spear.
* * * LOW HITPOINT WARNING * * *
The gnoll hits you but does no damage. The kobold hits you but does no damage.
Drink which item? (? for menu, Esc to quit)
It was a potion of beneficial mutation.
Rugged brown scales grow over part of your body.
You feel fantastic!
* * * LOW HITPOINT WARNING * * *
You feel sick.
The ball python bites you but does no damage.
The ball python constricts you.
The gnoll hits you from afar with a spear.
You die...

######### ## #.......# #.
#...†.g.# #. ..#.....S.##
#. >........gK@.## #.
#.......g....# ###### ##.
...........#.# #....# #..
..#.########.# #....# #..
.... #.# #....# #..
....#######.###....#####..
...............+..†.....'..
.........###.###....###.#..
#....##..###..##....# #.#..


You could see 3 gnolls, a ball python and a kobold.

Vanquished Creatures
  Terence (D:2)
  An adder (D:2)
  3 worms (D:2)
  4 bats
  2 giant cockroaches
  8 goblins
  4 hobgoblins
  3 jackals (D:1)
  5 kobolds
  A ball python (D:1)
  5 giant newts (D:2)
  4 rats
41 creatures vanquished.

Notes
Turn   | Place    | Note
--------------------------------------------------------------
     0 | D:1      | KarvaRausku, the Human Fighter, began the quest for the Orb.
     0 | D:1      | Reached XP level 1. HP: 18/18 MP: 1/1
    81 | D:1      | Reached XP level 2. HP: 21/24 MP: 2/2
   144 | D:1      | Found a glowing golden altar of the Shining One.
   278 | D:1      | Reached XP level 3. HP: 6/29 MP: 3/3
   787 | D:2      | Found a snail-covered altar of Cheibriados.
  1060 | D:2      | Reached skill level 4 in Axes
  1060 | D:2      | Reached XP level 4. HP: 26/35 MP: 4/4
  1337 | D:2      | Noticed Terence
  1352 | D:2      | Killed Terence
  1425 | D:2      | Gained mutation: You are partially covered in rugged brown scales (AC +1, +3% HP). [potion of beneficial mutation]
  1425 | D:2      | Slain by a gnoll

Action                   |  1- 3 |  4- 6 || total
-------------------------+-------+-------++-------
Melee: War axe           |    85 |    48 ||   133
  Use: Potion            |       |     1 ||     1
  Eat: Chunk             |       |     2 ||     2
